 Dungeon Crawl Stone Soup version 0.30.1-11-g7821555f0a (webtiles) character file.

Game seed: 10254604563450744262

17 lonewolfV2 the Shield-Bearer (level 2, 0/25 HPs)
             Began as a Formicid Fighter on Nov 15, 2023.
             Slain by a frilled lizard (1 damage)
             ... on level 1 of the Dungeon.
             The game lasted 00:00:28 (211 turns).

lonewolfV2 the Shield-Bearer (Formicid Fighter)      Turns: 211, Time: 00:00:29

Health: 0/25       AC:  6    Str: 20    XL:     2   Next: 80%
Magic:  2/2        EV:  9    Int:  7    God:
Gold:   26         SH:  5    Dex: 13    Spells: 1/1 levels left

rFire   . . .        a - +0 war axe
rCold   . . .        c - +0 buckler
rNeg    . . .        b - +0 scale mail
rPois   .            (helmet unavailable)
rElec   .            (no cloak)
rCorr   .            (no gloves)
SInv    +            (no boots)
Will    .....        (no amulet) Stlth
                     (no ring)
HPRegen 0.24/turn    (no ring)
MPRegen 0.08/turn

%: no passive effects
@: no status effects
A: permanent stasis, dig shafts and tunnels, antennae 3, four strong arms
a: Dig, Shaft Self


You were on level 1 of the Dungeon.
You visited 1 branch of the dungeon, and saw 1 of its levels.

You collected 26 gold pieces.

Inventory:

Hand Weapons
 a - a +0 war axe (weapon)
Armour
 b - a +0 scale mail (worn)
 c - a +0 buckler (worn)
Scrolls
 e - a scroll of fear {unknown}
Potions
 d - a potion of might


   Skills:
 * Level 3.8 Fighting
 - Level 2.6 Axes
 - Level 3.2 Armour
 - Level 4.0 Shields


You had one spell level left.
You didn't know any spells.
Your spell library contained the following spells:

 Spells                   Type           Power      Damage    Failure   Level
 Necrotise                Necr           0%         1d4       86%         1
 Vampiric Draining        Necr           0%         2d6       99%         3
 Agony                    Necr           0%         N/A       100%        5


Dungeon Overview and Level Annotations

Branches:
Dungeon (1/15)

Altars:


Innate Abilities, Weirdness & Mutations

You cannot be hasted, slowed, berserked, paralysed or teleported.
You can dig through walls and to a lower floor.
You have a pair of large antennae on your head. (SInv)
Your four strong arms can wield two-handed weapons with a shield.


Message History

You kill the rat!
You barely miss the frilled lizard. The endoplasm freezes you.
You are frozen.
The frilled lizard closely misses you.
You hit the endoplasm.
You kill the endoplasm!
You hit the endoplasm but do no damage. You completely miss the frilled lizard.
The endoplasm hits you.
The frilled lizard bites you but does no damage.
Unknown command.
The frilled lizard barely misses you. The endoplasm freezes you.
You are frozen.
You hit the endoplasm.
The endoplasm is heavily wounded.
You closely miss the frilled lizard. The endoplasm freezes you.
You are frozen.
* * * LOW HITPOINT WARNING * * *
The frilled lizard closely misses you. You block the frilled lizard's attack.
The endoplasm freezes you.
You are frozen.
* * * LOW HITPOINT WARNING * * *
You barely miss the endoplasm.
The endoplasm is heavily wounded.
You miss the frilled lizard.
The endoplasm hits you but does no damage.
The frilled lizard barely misses you.
You barely miss the endoplasm.
The endoplasm is heavily wounded.
You closely miss the frilled lizard. You block the endoplasm's attack.
You block the frilled lizard's attack.
You slash the endoplasm!
You kill the endoplasm!
You hit the frilled lizard. The frilled lizard bites you.
* * * LOW HITPOINT WARNING * * *
You block the frilled lizard's attack.
The frilled lizard attacks as you move away!
The frilled lizard bites you.
You die...

#. #...# ## #...#
##########...#
.............#
.............## #######
#............. .......
#....)l..#############
#..$.@.............###
#.....†....########....
....##......########....
... ##...#.#...........
# #.#.#.#...........
#.#.#.#.>.........
..#.#.#...........
####.#.#........### {
#........#


You could see a frilled lizard.

Vanquished Creatures
  3 bats (D:1)
  2 endoplasms (D:1)
  3 goblins (D:1)
  A quokka (D:1)
  A ball python (D:1)
  A frilled lizard (D:1)
  4 kobolds (D:1)
  A rat (D:1)
16 creatures vanquished.

Notes
Turn   | Place    | Note
-------+----------+-------------------------------------------
     0 | D:1      | lonewolfV2 the Formicid Fighter began the quest for the
                  | Orb.
     0 | D:1      | Reached XP level 1. HP: 18/18 MP: 1/1
    86 | D:1      | Reached XP level 2. HP: 24/24 MP: 2/2
   210 | D:1      | HP: 1/25 [frilled lizard (3)]
   211 | D:1      | Slain by a frilled lizard

Illustrated notes

Levels and vault maps discovered:
D:1:      dpeg_arrival_rooms_c, layout_basic, st_stairs_10,
          serial_park_tiny_pond, hangedman_glass_teeth, minmay_bisected

Action                     || total
---------------------------++-------
  Melee: War axe           ||    32
 Armour: Scale mail        ||    27
  Dodge: Dodged            ||    31
  Block: Buckler           ||    15
